 Dungeon Crawl Stone Soup version 0.25.0-1-g7eea58d (webtiles) character file.

Game seed: 1336994813199427231

52 bogs101 the Magician (level 3, 0/19 HPs)
             Began as a Deep Elf Wizard on June 28, 2020.
             Slain by a gnoll
             ... wielding a +0 spear
              (11 damage)
             ... on level 2 of the Dungeon.
             The game lasted 00:15:25 (1794 turns).

bogs101 the Magician (Deep Elf Wizard)              Turns: 1794, Time: 00:15:26

Health: 0/19       AC:  2    Str:  4    XL:     3   Next: 60%
Magic:  3/13       EV: 13    Int: 23    God:
Gold:   47         SH:  0    Dex: 13    Spells: 10/15 levels left

rFire    . . .     SeeInvis .   (no weapon)
rCold    . . .     Gourm    .   (no shield)
rNeg     . . .     Faith    .   a - +0 robe
rPois    .         Spirit   .   b - +0 hat
rElec    .         Reflect  .   (no cloak)
rCorr    .         Harm     .   (no gloves)
MR       .....                  (no boots)
Stlth    ++........             (no amulet)
HPRegen  0.06/turn              (no ring)
MPRegen  0.13/turn              (no ring)

@: no status effects
A: no striking features
a: no special abilities


You were on level 2 of the Dungeon.
You were not hungry.

You visited 1 branch of the dungeon, and saw 2 of its levels.

You collected 47 gold pieces.

Inventory:

Hand Weapons
 h - a +0 vampiric hand axe
Missiles
 c - 15 poisoned darts (quivered)
 e - 22 arrows
Armour
 a - a +0 robe (worn)
 b - a +0 hat (worn)
Scrolls
 f - a scroll of teleportation {unknown}
 g - a scroll of identify {unknown}
Potions
 i - a potion of flight {unknown}
Comestibles
 d - a ration


   Skills:
 - Level 2.4 Dodging
 - Level 2.4 Stealth
 * Level 6.5 Spellcasting
 - Level 1.1 Conjurations
 - Level 1.1 Summonings
 - Level 1.1 Translocations


You had 10 spell levels left.
You knew the following spells:

 Your Spells              Type           Power        Failure   Level  Hunger
a - Magic Dart            Conj           ##..         5%          1    None
b - Blink                 Tloc           N/A          8%          2    None
c - Call Imp              Summ           ##......     8%          2    None

Your spell library contained the following spells:

 Spells                   Type           Power        Failure   Level  Hunger
 Slow                     Hex            #.......     12%         2    None
 Conjure Flame            Conj/Fire      ##......     19%         3    #......
 Mephitic Cloud           Conj/Pois/Air  #.......     22%         3    #......


Dungeon Overview and Level Annotations

Branches:
Dungeon (2/15)

Altars:

Annotations:
D:2 Sigmund


Message History

Your crimson imp blinks!
Your shadow imp gestures at the gnoll.
The gnoll writhes in agony.
The gnoll hits you from afar with a +0 spear.
The leopard gecko closely misses you.
Your shadow imp hits the gnoll.
Your crimson imp hits the gnoll.
The kobold throws a stone.
The stone hits your shadow imp but does no damage.
Your shadow imp completely misses the gnoll.
Your crimson imp completely misses the gnoll.
The gnoll hits your crimson imp with a +0 club.
Your crimson imp barely misses the gnoll.
Something closely misses your crimson imp.
The leopard gecko barely misses you.
Your crimson imp blinks!
The leopard gecko bites you.
A giant cockroach comes into view.
The gnoll hits you from afar with a +0 spear!
Ouch! That really hurt!
You die...

...#...#...#...#...#..
#........#...#...#....
#.
##.s.......#...#...)..
#..
#............#........
#..#
.........†..K.((......
####....
.#.............(....
...S....
#...g....§#..##....
.....g..
####...5g#..).# ###
.......$
#<)@l###.......#
<.J..... #..####
#...)..... #####...
...### ...####.###
..... .?.## #.# #..#.
.## #.# #. #. #.# . #
#.# #.# ..#.
######.#####


You could see 2 gnolls, a leopard gecko, a kobold and a friendly shadow imp
(summoned).

Vanquished Creatures
  An adder (D:2)
  2 dart slugs (D:1)
  4 goblins (D:1)
  3 hobgoblins (D:1)
  5 kobolds
  4 bats
  7 rats (D:1)
26 creatures vanquished.

Vanquished Creatures (collateral kills)
  A gnoll (D:2)
  A dart slug (D:2)
  2 giant cockroaches
  A goblin (D:1)
  3 hobgoblins
  A frilled lizard (D:1)
9 creatures vanquished.

Grand Total: 35 creatures vanquished

Notes
Turn   | Place    | Note
-------+----------+-------------------------------------------
     0 | D:1      | bogs101 the Deep Elf Wizard began the quest for the Orb.
     0 | D:1      | Reached XP level 1. HP: 10/10 MP: 7/7
   186 | D:1      | Reached skill level 5 in Spellcasting
   303 | D:1      | Reached XP level 2. HP: 15/15 MP: 8/10
   307 | D:1      | Learned a level 2 spell: Blink
   310 | D:1      | Learned a level 2 spell: Call Imp
  1160 | D:1      | Reached XP level 3. HP: 19/19 MP: 6/12
  1401 | D:1      | Reached skill level 6 in Spellcasting
  1667 | D:2      | Noticed Sigmund
  1794 | D:2      | Slain by a gnoll

Illustrated notes

Levels and vault maps discovered:
D:1:      nicolae_arrival_somewhat_less_tricky_arrival, layout_loops_corners
D:2:      layout_rooms, zin_statuary, marbit_many_paths, hex_intersection,
          hex_medium, uniq_sigmund

Skill      XL: |  1  2  3 |
---------------+----------+-----
Spellcasting   | 5 6 |  6.5
Dodging        | |  2.4
Stealth        | |  2.4
Conjurations   | |  1.1
Summonings     | |  1.1
Translocations | |  1.1

Action                   || total
-------------------------++-------
 Cast: Magic Dart        ||    65
       Call Imp          ||    18
  Eat: Chunk             ||     2
Armor: Robe              ||     3
Dodge: Dodged            ||    20
